 Dungeon Crawl Stone Soup version 0.17.0-26-gececa24 (webtiles) character file.

154206 Gorice the Warrior (level 17, -15/142 HPs)
             Began as a Demonspawn Wanderer on Nov 17, 2015.
             Was the Champion of Kikubaaqudgha.
             Killed from afar by Aizul (37 damage)
             ... with a bolt of poison
             ... on level 3 of the Snake Pit on Nov 19, 2015.
             The game lasted 04:57:58 (43504 turns).

Gorice the Warrior (Demonspawn Wanderer)           Turns: 43504, Time: 04:57:59

Health: -15/142    AC: 33    Str: 20    XL:     17   Next: 6%
Magic:  0/24       EV: 10    Int: 18    God:    Kikubaaqudgha [******]
Gold:   2488       SH:  0    Dex: 10    Spells: 1 memorised, 15 levels left

rFire  + . .     SeeInvis .     a - +7 lajatang of Xyovyo Dyin {speed, +Inv}
rCold  . . .     Clarity  +     d - +1 chain mail {MR+}
rNeg   + . .     SustAt   .     (shield currently unavailable)
rPois  .         Gourm    .     T - +1 hat
rElec  .         Spirit   +     q - +1 cloak
rCorr  .         Warding  +     A - +1 pair of gloves
rMut   .         Stasis   .     r - +2 pair of boots
MR     ++...                    s - amulet of warding
Stlth  ..........               E - +2 ring of evasion
                                D - ring of protection from fire

@: mighty, lethally poisoned (-15 -> -63), very resistant to hostile
enchantments, extremely unstealthy
A: antennae 2, rough black scales 3, clarity, spiny 2, augmentation 1, magic
shield
a: Receive Corpses, Torment, Brand Weapon With Pain, Receive Necronomicon,
Renounce Religion, Evoke Invisibility


You were on level 3 of the Snake Pit.
You worshipped Kikubaaqudgha.
Kikubaaqudgha was exalted by your worship.
You were not hungry.

You visited 5 branches of the dungeon, and saw 31 of its levels.
You also visited: Labyrinth and Ossuary.

You collected 3853 gold pieces.
You spent 1365 gold pieces at shops.

Inventory:

Hand Weapons
 a - the +7 lajatang of Xyovyo Dyin (weapon) {speed, +Inv}
   (You found it in a labyrinth)

   Attacks with this weapon are significantly faster.
   It lets you turn invisible.
 b - a +3 arbalest of flaming
   (You acquired it on level 1 of the Lair of Beasts)
 c - the +9 quarterstaff of Colonnid {crush, +Inv}
   (You took it off a minotaur in a labyrinth)

   It inflicts extra damage upon your enemies.
   It lets you turn invisible.
 B - a +0 blowgun
Missiles
 j - 55 bolts
 o - 13 curare-tipped needles
 y - 14 poisoned bolts
 O - 23 bolts of penetration
 Y - 3 throwing nets (quivered)
Armour
 d - a +1 chain mail of magic resistance (worn)
   (You found it on level 6 of the Dungeon)
 q - a +1 cloak (worn)
 r - a +2 pair of boots (worn)
 A - a +1 pair of gloves (worn)
 T - a +1 hat (worn)
Rods
 C - a +2 rod of clouds (14/14) {!a}
   (You found it in a labyrinth)
 S - a +0 rod of shadows (11/11) {!a}
   (You found it on level 5 of the Lair of Beasts)
Jewellery
 f - an uncursed ring of fire
 s - an amulet of warding (around neck)
 u - an uncursed ring of ice
 v - an uncursed ring of sustain attributes
 w - an uncursed ring of protection from fire
 D - a ring of protection from fire (left hand)
 E - a +2 ring of evasion (right hand)
 U - an uncursed ring of see invisible
Wands
 i - a wand of confusion (22)
 x - a wand of digging (15)
 G - a wand of disintegration (7)
 W - a wand of confusion (18)
Scrolls
 k - a scroll of recharging
 l - 8 scrolls of magic mapping {!r}
 m - 9 scrolls of remove curse
 n - a scroll of acquirement {!r}
 F - a scroll of enchant armour
 I - 4 scrolls of fear {!r}
 J - a scroll of blinking
 K - 8 scrolls of teleportation {!r}
 L - 7 scrolls of identify
 Q - 7 scrolls of fog
Potions
 e - 8 potions of curing
 h - 5 potions of heal wounds {!q}
 p - a potion of invisibility {!q}
 t - 4 potions of haste {!q}
 H - 2 potions of might {!q}
 P - 5 potions of agility {!q}
 R - 4 potions of resistance {!q}
 V - 2 potions of cancellation {!q}
Comestibles
 g - 12 bread rations {!e}
 z - 3 chunks of flesh
 M - 15 fruits


   Skills:
 - Level 15.0 Fighting
 - Level 5.5(10.5) Maces & Flails
 * Level 13.5(13.9) Staves
   Level 1.0 Bows
 - Level 10.2 Crossbows
 - Level 1.0 Throwing
 + Level 13.4 Armour
 - Level 1.0 Stealth
 - Level 10.0 Necromancy
 - Level 10.3 Evocations


You had 15 spell levels left.
You knew the following spells:

 Your Spells              Type           Power        Failure   Level  Hunger
a - Animate Skeleton      Necr           N/A          1%          1    ##.....


Dungeon Overview and Level Annotations

Branches:
Dungeon (15/15)            Temple (1/1) D:6            Lair (8/8) D:10
 Shoals (0/4) Lair:4        Snake (3/4) Lair:4        Slime (0/6) Lair:7
    Orc (4/4) D:10            Elf (0/3) Orc:4        Vaults (0/5) D:13
 Depths (0/5) D:15

Altars:
Ashenzari
Cheibriados
Dithmenos
Elyvilon
Fedhas
Gozag
Kikubaaqudgha
Makhleb
Nemelex Xobeh
Okawaru
Qazlal
Ru
Sif Muna
Trog
Vehumet
Xom
Yredelemnul
Zin
The Shining One
Beogh

Shops:
D:4 [   Orc:1 *   Orc:4 ?}[(

Annotations:
D:13 vpUX: room in deep water
Lair:3 Snorg
Snake:3 exclusion: Roxanne, Aizul, Roxanne, Vashnia


Innate Abilities, Weirdness & Mutations

You have a pair of antennae on your head.
You are completely covered in rough black scales (AC +10, Dex -3).
You are mostly covered in sharp spines.
Your magical and physical power is slightly enhanced at high health.
When hurt, damage is shared between your health and your magic reserves.
You possess an exceptional clarity of mind.


Message History

You slash Aizul!
Aizul is heavily wounded.
You feel very sick.
Damage: 3 (max 33) Unknown command.
Drink which item? (? for menu, Esc to quit)
You feel better. Aizul casts a spell at you. The poison arrow hits you!
You are poisoned.
Aizul says, "I wasn't actually sleeping!"
Aizul closely misses you.
Damage: 8 (max 33) Drink which item? (? for menu, Esc to quit)
Really quaff
H - 3 potions of might {!q}?
You feel very mighty all of a sudden.
You feel sick. Aizul hits you but does no damage.
Damage: 2 (max 33)
You slash Aizul!
Aizul is heavily wounded.
You feel sick.
Aizul says, "Sweet dreams!"
Aizul hits you but does no damage.
Unknown command.
You slash Aizul!
Aizul is severely wounded.
You feel sick. Aizul misses you.
Damage: 1 (max 33)
You closely miss Aizul.
Aizul is severely wounded.
Aizul casts a spell at you. The bolt of poison hits you!
You are more poisoned.
* * * LOW HITPOINT WARNING * * *
Damage: 15 (max 33)
You closely miss Aizul.
Aizul is severely wounded.
* * * LOW HITPOINT WARNING * * *
You feel sick.
Damage: 2 (max 33) Unknown command.
You barely miss Aizul.
Aizul is severely wounded.
* * * LOW HITPOINT WARNING * * *
You feel sick.
Aizul coils himself and waves his upper body at you.
The bolt of poison hits you!
You are more poisoned.
You die...
Kikubaaqudgha rasps: "You have failed me!
Welcome... death!"

#............................
##.........................#.
.#...#..............#........
.##.#......#........##.......
## ...##...#....#.)##........
## #.....###(............
#.....=..(.....##....
#........S.....##
##.....<..@......#
#...........#......
#.................[..
#...................#
##.................#
##...###.........# ##..
##......... ##. #...#..... ##
.......


You could see Aizul.

Vanquished Creatures
  Saint Roka (Orc:4)
  Jorgrun (Snake:2)
  Rupert (Lair:2)
  Donald (Orc:4)
  Maud (Lair:7)
  A greater naga (Snake:3)
  Nessos (Lair:7)
  Azrael (Snake:2)
  A salamander stormcaller (D:15)
  A minotaur (Lab)
  A fire dragon (D:15)
  Erolcha (D:9)
  An ice dragon (Lair:8)
  8 hydras
  9 naga warriors
  A catoblepas (Lair:8)
  7 anacondas
  2 ogre magi (D:15)
  A centaur warrior (D:14)
  5 death yaks
  An orc high priest (Orc:3)
  2 tengu warriors
  A shock serpent (Snake:2)
  Urug (D:11)
  6 naga sharpshooters
  A shadow wraith (D:13)
  A salamander mystic (Snake:2)
  4 unseen horrors
  2 lindwurms (Lair:8)
  A naga ritualist (Snake:2)
  6 hill giants
  A sea snake (shapeshifter) (D:12)
  An oklob plant (Lair:7)
  7 orc sorcerers (Orc:4)
  3 griffons
  9 ugly things
  6 cyclopes
  2 orc knights
  2 mana vipers
  The ghost of puimuR the Cleaver, a novice DsGl (D:7)
  10 salamanders
  2 manticores
  14 elephants
  A siren (Lair:4)
  Maurice (Orc:4)
  22 black mambas
  8 naga magi
  A guardian serpent (Snake:2)
  4 torpor snails (Lair:8)
  9 centaur skeletons
  A spiny frog (shapeshifter) (D:14)
  2 gargoyles
  A vault sentinel (D:13)
  13 spiny frogs
  6 komodo dragons
  3 fire drakes
  An efreet (D:15)
  2 freezing wraiths
  A harpy zombie (D:15)
  7 trolls
  A tengu conjurer (D:12)
  3 merfolk (Lair:4)
  A polar bear (shapeshifter) (D:13)
  10 polar bears
  2 giant leeches (Lair:8)
  5 two-headed ogres
  19 blink frogs
  A harpy skeleton (D:15)
  A slime creature (D:12)
  A boulder beetle (Lair:8)
  A raiju (Lair:8)
  A spriggan (D:8)
  3 shadows
  3 wraiths
  50 yaks
  A water elemental (D:13)
  The ghost of 4thArraOfDagon the Sneak, an amateur FeIE (D:8)
  7 basilisks
  2 fire elementals
  4 vampire mosquitoes
  A steam dragon (Lair:4)
  A deep elf fighter (D:10)
  A mottled dragon (D:10)
  22 wolves
  2 wyverns
  4 hungry ghosts
  7 wargs
  9 hippogriffs
  A soldier ant (D:10)
  13 water moccasins
  3 sky beasts
  24 nagas
  An eye of draining (D:12)
  4 wasps
  9 porcupines
  14 black bears
  2 phantoms
  2 ice beasts
  29 orc warriors
  6 hell hounds
  23 ogres
  The ghost of puimuR the Chopper, an amateur DsGl (D:5)
  5 necrophages
  22 crocodiles
  15 centaurs
  A gnoll sergeant (Orc:4)
  4 brain worms (Lair:8)
  An elf skeleton (D:6)
  17 giant frogs
  A water moccasin zombie (Ossuary)
  4 scorpions
  7 electric eels
  10 wights
  9 crimson imps
  15 hounds
  6 jellies
  A quasit (D:9)
  A wasp zombie (D:10)
  4 centaur zombies
  A gnoll shaman (D:10)
  A human zombie (D:6)
  7 iguanas
  39 orc wizards
  3 giant frog skeletons
  A human skeleton (D:6)
  21 orc priests
  10 worker ants
  2 killer bee zombies (D:8)
  16 sheep
  5 big kobold zombies (Ossuary)
  A hound skeleton (D:5)
  A mummy (Ossuary)
  Robin (D:2)
  69 river rats
  A worker ant zombie (D:5)
  17 gnolls
  16 adders
  3 shadow imps (D:8)
  An ooze (D:1)
  7 adder zombies
  18 worms
  3 adder skeletons
  173 orcs
  3 ball pythons
  6 giant cockroaches
  2 gnoll zombies (Ossuary)
  14 goblins
  14 hobgoblins
  17 jackals
  5 quokkas
  16 bats
  7 giant geckos
  A giant gecko zombie (D:7)
  5 giant newts
  A hobgoblin zombie (Ossuary)
  7 kobolds
  5 kobold zombies (Ossuary)
  An orc skeleton (D:6)
  7 orc zombies
  26 rats
  A fungus (Lair:8)
  5 plants (Lair:6)
1192 creatures vanquished.

Vanquished Creatures (collateral kills)
  Kirke (D:12)
  A fire giant (D:15)
  A hydra (Lair:7)
  A naga warrior (Snake:1)
  2 ogre magi (Orc:4)
  Sonja (Orc:4)
  A hill giant (D:12)
  2 orc sorcerers (Orc:4)
  A mana viper (Snake:2)
  A griffon (D:14)
  A naga mage (Snake:2)
  A black mamba (Snake:3)
  A gargoyle (D:14)
  A two-headed ogre (D:15)
  A troll (Orc:1)
  A yak (D:12)
  A deep elf fighter (D:12)
  2 hungry ghosts (Lab)
  4 wargs
  10 nagas
  2 orc warriors (Orc:4)
  An ogre (Orc:4)
  A giant frog (D:14)
  A hound (Lair:8)
  2 orc priests
  A worker ant (D:13)
  7 orc wizards
  24 orcs
  3 fungi (Lair:8)
  A plant (Lair:8)
78 creatures vanquished.

Vanquished Creatures (others)
  The ghost of fotsohgehT the Eclecticist, an adept DEEn of Sif Muna (Snake:2)
  4 humans (D:12)
  A phantom (D:12)
  A giant frog zombie (D:12)
  A quasit (D:12)
  A mummy (Ossuary)
  A fire vortex (D:15)
  31 fungi
  30 plants
71 creatures vanquished.

Grand Total: 1341 creatures vanquished

Notes
Turn   | Place    | Note
--------------------------------------------------------------
     0 | D:1      | Gorice the Demonspawn Wanderer began the quest for the Orb.
     0 | D:1      | Gorice set off with: a +2 dagger, a scroll of fear {!r}, a +0 hand crossbow, 21 bolts, a potion of curing, a +0 robe, a bread ration {!e}
     0 | D:1      | Reached XP level 1. HP: 18/18 MP: 1/1
    54 | D:1      | Gained mutation: You are partially covered in rough black scales (AC +4, Dex -1). [demonic ancestry]
    54 | D:1      | Reached XP level 2. HP: 24/24 MP: 2/2
   222 | D:1      | Reached skill level 4 in Fighting
   349 | D:1      | Gained mutation: You are partially covered in sharp spines. [demonic ancestry]
   349 | D:1      | Reached XP level 3. HP: 25/30 MP: 3/3
   754 | D:2      | Noticed Robin
   755 | D:2      | Killed Robin
   855 | D:2      | Reached XP level 4. HP: 38/38 MP: 4/4
   857 | D:2      | Reached skill level 5 in Fighting
   989 | D:2      | Found a basalt altar of Yredelemnul.
  1396 | D:2      | You fall through a shaft for 2 floors!
  1505 | D:4      | Found Feydiwif's Antique Armour Boutique.
  1537 | D:4      | Gained mutation: You have a pair of small antennae on your head. [demonic ancestry]
  1537 | D:4      | Reached XP level 5. HP: 39/46 MP: 5/5
  1563 | D:4      | Found a sparkling altar of Nemelex Xobeh.
  1620 | D:3      | Reached skill level 6 in Fighting
  1756 | D:3      | --pUX: shaft passthru
  1880 | D:3      | Found a shattered altar of Ashenzari.
  2371 | D:4      | Noticed an ogre
  2410 | D:4      | Killed an ogre
  2410 | D:4      | Reached skill level 3 in Crossbows
  2410 | D:4      | Gained mutation: You are mostly covered in rough black scales (AC +7, Dex -2). [demonic ancestry]
  2410 | D:4      | Reached XP level 6. HP: 53/53 MP: 6/6
  2791 | D:4      | Reached skill level 7 in Fighting
  3188 | D:4      | Found a shimmering altar of Xom.
  3366 | D:4      | Noticed an orc warrior
  3385 | D:4      | Gained mutation: You have a pair of antennae on your head. [demonic ancestry]
  3385 | D:4      | Reached XP level 7. HP: 60/60 MP: 7/7
  3405 | D:4      | Killed an orc warrior
  3712 | D:4      | Bought an embroidered cloak for 117 gold pieces
  3800 | D:5      | Entered Level 5 of the Dungeon
  3831 | D:5      | Got a warped rapier
  3832 | D:5      | Identified the cursed +1 rapier "Beastslayer" {venom, *Noise rElec rPois Dex+3} (You found it on level 5 of the Dungeon)
  3890 | D:5      | Noticed puimuR's ghost (amateur DsGl)
  4014 | D:4      | Reached skill level 8 in Fighting
  4044 | D:5      | Reached skill level 4 in Crossbows
  4384 | D:5      | Killed puimuR's ghost
  4476 | D:5      | Found an ancient bone altar of Kikubaaqudgha.
  5182 | D:5      | Became a worshipper of Kikubaaqudgha
  5273 | D:6      | Found a sand-covered staircase.
  5286 | D:6      | Gained mutation: You are mostly covered in sharp spines. [demonic ancestry]
  5286 | D:6      | Reached XP level 8. HP: 61/70 MP: 8/8
  5291 | Ossuary  | Entered an ossuary
  5363 | Ossuary  | Reached skill level 9 in Fighting
  5363 | Ossuary  | Reached skill level 5 in Crossbows
  5658 | D:6      | Found a staircase to the Ecumenical Temple.
  5664 | Temple   | Entered the Ecumenical Temple
  6145 | D:6      | Reached skill level 6 in Crossbows
  6175 | D:6      | Found an iron altar of Okawaru.
  6181 | D:6      | Found a stormy altar of Qazlal.
  6637 | D:7      | Noticed a centaur zombie
  6652 | D:7      | Killed a centaur zombie
  6652 | D:7      | Reached skill level 10 in Fighting
  6652 | D:7      | Reached XP level 9. HP: 75/78 MP: 9/9
  6709 | D:7      | Found an opulent altar of Gozag.
  6798 | D:7      | Noticed puimuR's ghost (novice DsGl)
  6857 | D:7      | Killed puimuR's ghost
  6857 | D:7      | Reached skill level 7 in Crossbows
  7563 | D:8      | Noticed 4thArraOfDagon's ghost (amateur FeIE)
  7612 | D:8      | Reached skill level 11 in Fighting
  7614 | D:8      | Reached skill level 8 in Crossbows
  7618 | D:8      | Found a white marble altar of Elyvilon.
  7864 | D:8      | Killed 4thArraOfDagon's ghost
  8119 | D:8      | Reached * piety under Kikubaaqudgha
  8119 | D:8      | Received a gift from Kikubaaqudgha
  8120 | D:8      | Identified Kikubaaqudgha's Papyrus of Black Rites (Kikubaaqudgha gifted it to you on level 8 of the Dungeon)
  8328 | D:4      | Bought a distressingly furry scale mail for 234 gold pieces
  8338 | D:4      | Identified the cursed +1 scale mail "Nauff" {rElec rC- rN+ MR+} (You bought it in a shop on level 4 of the Dungeon)
  8411 | D:4      | Gained mutation: You are completely covered in rough black scales (AC +10, Dex -3). [demonic ancestry]
  8411 | D:4      | Reached XP level 10. HP: 88/88 MP: 10/10
  8809 | D:9      | Noticed Erolcha
  8822 | D:9      | Killed Erolcha
  8822 | D:9      | Reached skill level 9 in Crossbows
  8826 | D:9      | Reached skill level 12 in Fighting
  9672 | D:10     | Entered Level 10 of the Dungeon
  9688 | D:10     | Found a sacrificial altar of Ru.
  9949 | D:10     | Reached skill level 10 in Crossbows
  9957 | D:10     | Noticed a hill giant
 10024 | D:10     | Reached ** piety under Kikubaaqudgha
 10220 | D:10     | Reached skill level 1 in Necromancy
 10467 | D:10     | Found a staircase to the Lair.
 10584 | D:10     | Reached skill level 2 in Armour
 10587 | D:10     | Reached skill level 2 in Necromancy
 10587 | D:10     | Reached XP level 11. HP: 90/97 MP: 11/11
 10654 | D:10     | Reached *** piety under Kikubaaqudgha
 10654 | D:10     | Received a gift from Kikubaaqudgha
 10786 | D:10     | Identified Kikubaaqudgha's Disquisition on Evil (Kikubaaqudgha gifted it to you on level 10 of the Dungeon)
 10823 | D:10     | Reached skill level 13 in Fighting
 10839 | Lair:1   | Entered Level 1 of the Lair of Beasts
 10853 | Lair:1   | Reached skill level 3 in Necromancy
 10872 | Lair:1   | Reached skill level 3 in Armour
 11282 | D:10     | Killed a hill giant
 11282 | D:10     | Reached skill level 4 in Necromancy
 11344 | D:10     | Found a staircase to the Orcish Mines.
 11826 | Lair:1   | Reached skill level 4 in Armour
 11835 | Lair:1   | Reached skill level 5 in Necromancy
 11838 | Lair:1   | Reached **** piety under Kikubaaqudgha
 11938 | Lair:1   | HP: 19/98 [blink frog (14)]
 11948 | Lair:1   | Reached skill level 5 in Armour
 12036 | Lair:1   | Reached skill level 6 in Necromancy
 12980 | Lair:1   | Reached skill level 7 in Necromancy
 13191 | Lair:1   | Reached skill level 6 in Armour
 13419 | Lair:2   | Reached XP level 12. HP: 105/105 MP: 12/12
 13766 | Lair:2   | Reached skill level 8 in Necromancy
 14343 | Lair:3   | Noticed Rupert
 14351 | Lair:3   | Paralysed by Rupert for 7 turns
 14406 | Lair:2   | HP: 29/105 [Rupert/battleaxe of chopping (7)]
 14407 | Lair:2   | Killed Rupert
 14407 | Lair:2   | Reached skill level 7 in Armour
 14714 | Lair:2   | Reached skill level 9 in Necromancy
 14974 | Lair:3   | Noticed Snorg
 15024 | Lair:3   | Noticed a six-headed hydra
 15038 | Lair:3   | Killed a six-headed hydra
 15575 | Lair:3   | Reached ***** piety under Kikubaaqudgha
 15866 | Lair:1   | Reached skill level 8 in Armour
 15915 | Lair:1   | Identified a scroll of acquirement
 16475 | Lair:3   | Reached skill level 14 in Fighting
 16531 | Lair:4   | Noticed a naga warrior
 16539 | Lair:3   | Reached skill level 10 in Necromancy
 16789 | Lair:3   | Killed a naga warrior
 16789 | Lair:3   | Reached skill level 1 in Maces & Flails
 16828 | Lair:4   | Found a staircase to the Snake Pit.
 16838 | Lair:4   | --Great Snake yet AGAIN. And I bet I get shoals!
 16998 | Lair:4   | Found a staircase to the Shoals.
 16999 | Lair:4   | --Yup shoals AGAIN as well!
 17040 | Lair:4   | HP: 22/107 [merfolk/trident (15)]
 17537 | Lair:4   | Gained mutation: When hurt, damage is shared between your health and your magic reserves. [demonic ancestry]
 17537 | Lair:4   | Reached XP level 13. HP: 101/113 MP: 13/13
 17697 | Lair:4   | Reached skill level 2 in Maces & Flails
 18019 | Lair:5   | Reached skill level 9 in Armour
 18058 | Lair:5   | Reached skill level 3 in Maces & Flails
 18479 | Lair:5   | Reached skill level 4 in Maces & Flails
 18771 | Lair:5   | HP: 30/114 [eight-headed hydra (9)]
 18779 | Lair:5   | HP: 34/114 [eight-headed hydra (3)]
 18821 | Lair:3   | HP: 34/114 [elephant (3)]
 19268 | Lair:5   | Identified a +0 rod of shadows (11/11) (You found it on level 5 of the Lair of Beasts)
 19305 | Lair:5   | Reached skill level 1 in Evocations
 19440 | Lair:5   | Reached skill level 5 in Maces & Flails
 19696 | Lair:5   | Reached skill level 2 in Evocations
 20246 | Lair:6   | Found a labyrinth entrance.
 20250 | Lab      | Entered a labyrinth
 20448 | Lab      | Found an exit through the horrors of the Abyss.
 20600 | Lab      | Got a smoking bone amulet
 20605 | Lab      | Got a bone quarterstaff {crush}
 20611 | Lab      | Got a jewelled lajatang
 20611 | Lab      | Got a heavily runed leather armour
 20614 | Lab      | Identified the +9 quarterstaff of Colonnid {crush, +Inv} (You took it off a minotaur in a labyrinth)
 20615 | Lab      | Identified the +7 lajatang of Xyovyo Dyin {speed, +Inv} (You found it in a labyrinth)
 20617 | Lab      | Identified the amulet of Gej Ola {+Rage rElec rF- MR- Dex+3} (You found it in a labyrinth)
 20630 | Lab      | Identified the +3 leather armour of the Three Blessings {Dex+3} (You found it in a labyrinth)
 20641 | Lab      | --sweet artifact staves, that changes my plan!
 20641 | Lab      | Upgraded the game from 0.17.0-24-gcfadda4 to 0.17.0-25-gefc9c12
 20833 | Lab      | Identified a +2 rod of clouds (14/14) (You found it in a labyrinth)
 20967 | Lair:1   | Reached skill level 3 in Evocations
 21236 | Lair:6   | Learned a level 1 spell: Animate Skeleton
 22010 | Lair:6   | Reached skill level 1 in Staves
 22070 | Lair:6   | Reached skill level 10 in Armour
 22229 | Lair:6   | Reached skill level 2 in Staves
 22229 | Lair:6   | Reached skill level 4 in Evocations
 22556 | Lair:7   | Reached ****** piety under Kikubaaqudgha
 22972 | Lair:7   | Noticed Maud
 22990 | Lair:7   | Killed Maud
 22990 | Lair:7   | Reached XP level 14. HP: 109/121 MP: 14/17
 23043 | Lair:7   | Reached skill level 3 in Staves
 23078 | Lair:7   | Noticed Nessos
 23099 | Lair:7   | Killed Nessos
 23099 | Lair:7   | Reached skill level 5 in Evocations
 23393 | Lair:7   | Found a staircase to the Slime Pits.
 23738 | Lair:7   | Reached skill level 4 in Staves
 24300 | Lair:8   | Entered Level 8 of the Lair of Beasts
 24339 | Lair:8   | Reached skill level 6 in Evocations
 24965 | Lair:8   | Reached skill level 15 in Fighting
 25003 | Lair:8   | Reached skill level 5 in Staves
 25129 | Lair:8   | Reached skill level 7 in Evocations
 25701 | Lair:8   | Found a runed door.
 25780 | Lair:8   | Reached skill level 6 in Staves
 26175 | Lair:8   | Reached skill level 11 in Armour
 26499 | Orc:1    | Entered Level 1 of the Orcish Mines
 26655 | Orc:1    | Found Dufoez's Desiderata Depot.
 27240 | Orc:2    | Found a roughly hewn altar of Beogh.
 27302 | Orc:2    | Reached skill level 7 in Staves
 27859 | Orc:3    | Reached skill level 8 in Evocations
 28015 | Orc:3    | Found a roughly hewn altar of Beogh.
 28591 | Orc:4    | Entered Level 4 of the Orcish Mines
 28749 | Orc:4    | Found a staircase to the Elven Halls.
 28754 | Orc:4    | Noticed Donald
 28772 | Orc:4    | Killed Donald
 28772 | Orc:4    | Reached XP level 15. HP: 76/129 MP: 15/21
 28809 | Orc:4    | Noticed Sonja
 28821 | Orc:4    | Killed Sonja
 28823 | Orc:3    | HP: 33/129 [ogre/giant club (6)]
 28828 | Orc:3    | HP: 31/129 [poisoned by Sonja (curare-tipped needle)]
 28833 | Orc:3    | HP: 30/129 [poisoned by Sonja (curare-tipped needle)]
 28841 | Orc:3    | HP: 31/129 [poisoned by Sonja (curare-tipped needle)]
 29162 | Orc:4    | Your ally Donald died
 29337 | Orc:4    | Found a roughly hewn altar of Beogh.
 29371 | Orc:4    | Found a roughly hewn altar of Beogh.
 29448 | Orc:4    | Noticed Maurice
 29457 | Orc:4    | Killed Maurice
 29466 | Orc:4    | Paralysed by an orc sorcerer for 5 turns
 29627 | Orc:4    | Your ally Maurice died
 29736 | Orc:4    | Found Lecliopo's Magic Scroll Shoppe.
 29767 | Orc:4    | Found Simai's Gadget Emporium.
 29819 | Orc:4    | Bought a scroll of blinking for 112 gold pieces
 29819 | Orc:4    | Bought a scroll of identify for 30 gold pieces
 29819 | Orc:4    | Bought a scroll of identify for 30 gold pieces
 29819 | Orc:4    | Bought a scroll of identify for 30 gold pieces
 29820 | Orc:4    | Gained mutation: You possess an exceptional clarity of mind. [potion of beneficial mutation]
 29834 | Orc:4    | Found an ancient bone altar of Kikubaaqudgha.
 29856 | Orc:4    | HP: 37/129 [sun demon[an orc sorcerer] (3)]
 30287 | Orc:4    | Found a radiant altar of Vehumet.
 30359 | Orc:4    | Reached skill level 8 in Staves
 30360 | Orc:4    | Noticed Saint Roka
 30390 | Orc:4    | HP: 35/129 [Saint Roka/great sword of slicing (6)]
 30397 | Orc:4    | Killed Saint Roka
 30471 | Orc:4    | Found a roughly hewn altar of Beogh.
 30471 | Orc:4    | Found Sioguh's Antique Weapon Shoppe.
 30471 | Orc:4    | Found Piom's Antique Armour Emporium.
 30633 | Orc:4    | Your ally Saint Roka died
 30795 | Orc:4    | Bought an ancient plate armour for 812 gold pieces
 30807 | Orc:4    | Identified the +1 plate armour "Cihaderph" {MR- Str+6} (You bought it in a shop on level 4 of the Orcish Mines)
 31560 | D:11     | Noticed Urug
 31573 | D:11     | Killed Urug
 32076 | D:12     | Reached skill level 9 in Evocations
 32360 | D:12     | Reached skill level 9 in Staves
 32371 | D:12     | Noticed Kirke
 32389 | D:12     | Killed Kirke
 32992 | D:12     | Found a deep blue altar of Sif Muna.
 33190 | D:12     | Identified the Papyrus of Enchantment and Contamination
 33609 | D:13     | Found a gate to the Vaults.
 33753 | D:13     | Reached skill level 12 in Armour
 33820 | D:13     | Reached skill level 10 in Staves
 34178 | D:14     | Got a jewelled leather armour
 34366 | D:14     | HP: 33/129 [white ugly thing (22)]
 34405 | D:14     | Gorice: sorry have to go now!
 34590 | D:14     | Identified the +1 leather armour of the Pleiades {-Cast rElec rF++ Dex+2} (You found it on level 14 of the Dungeon)
 34823 | D:14     | Found a basalt altar of Yredelemnul.
 35497 | D:15     | Entered Level 15 of the Dungeon
 35497 | D:15     | Found a staircase to the Depths.
 35847 | D:14     | Reached skill level 10 in Evocations
 35847 | D:14     | Reached XP level 16. HP: 120/136 MP: 21/23
 35896 | D:15     | Found a blossoming altar of Fedhas.
 36009 | D:15     | Found an opulent altar of Gozag.
 36430 | D:15     | Reached skill level 11 in Staves
 37095 | Snake:1  | Entered Level 1 of the Snake Pit
 37475 | Snake:1  | HP: 39/136 [salamander/halberd (12)]
 38215 | Snake:2  | Noticed fotsohgehT's ghost (adept DEEn)
 38229 | Snake:2  | Killed fotsohgehT's ghost
 38909 | Snake:2  | Reached skill level 12 in Staves
 39224 | Snake:2  | Upgraded the game from 0.17.0-25-gefc9c12 to 0.17.0-26-gececa24
 39650 | Snake:2  | HP: 40/136 [poisoned by a naga warrior (splash of poison)]
 39656 | Snake:2  | HP: 39/136 [poisoned by a naga warrior (splash of poison)]
 39662 | Snake:2  | HP: 39/136 [poisoned by a naga warrior (splash of poison)]
 39670 | Snake:2  | HP: 39/136 [poisoned by a naga warrior (splash of poison)]
 40013 | Snake:3  | Noticed Vashnia
 40013 | Snake:3  | Noticed Aizul
 40385 | Snake:2  | HP: 39/136 [poisoned by a naga ritualist (toxic radiance)]
 40511 | Snake:2  | Reached skill level 13 in Armour
 40529 | Snake:2  | HP: 40/136 [poisoned by a naga (splash of poison)]
 40534 | Snake:2  | HP: 37/136 [poisoned by a naga (splash of poison)]
 40540 | Snake:2  | HP: 34/136 [poisoned by a naga (splash of poison)]
 40545 | Snake:2  | HP: 33/136 [poisoned by a naga (splash of poison)]
 40551 | Snake:2  | HP: 33/136 [poisoned by a naga (splash of poison)]
 40559 | Snake:2  | HP: 34/136 [poisoned by a naga (splash of poison)]
 41537 | Snake:3  | Noticed Jorgrun
 41555 | Snake:2  | Killed Jorgrun
 41769 | Snake:2  | Your ally Jorgrun died
 41878 | Snake:3  | Reached skill level 13 in Staves
 42002 | Snake:3  | Noticed Azrael
 42012 | Snake:2  | Killed Azrael
 42185 | Snake:3  | Noticed Roxanne
 42865 | Snake:3  | Gained mutation: Your magical and physical power is slightly enhanced at high health. [demonic ancestry]
 42865 | Snake:3  | Reached XP level 17. HP: 80/142 MP: 21/24
 42888 | Snake:2  | HP: 42/142 [poisoned by a naga sharpshooter (splash of poison)]
 42893 | Snake:2  | HP: 40/142 [poisoned by a naga sharpshooter (splash of poison)]
 42898 | Snake:2  | HP: 39/142 [poisoned by a naga sharpshooter (splash of poison)]
 42903 | Snake:2  | HP: 38/142 [poisoned by a naga sharpshooter (splash of poison)]
 42910 | Snake:2  | HP: 39/142 [poisoned by a naga sharpshooter (splash of poison)]
 42918 | Snake:2  | HP: 39/142 [poisoned by a naga sharpshooter (splash of poison)]
 43499 | Snake:3  | HP: 41/142 [poisoned by Aizul (poison arrow)]
 43504 | Snake:3  | HP: 22/142 [poisoned by Aizul (bolt of poison)]
 43504 | Snake:3  | Killed from afar by Aizul

Action                   |  1- 3 |  4- 6 |  7- 9 | 10-12 | 13-15 | 16-18 || total
-------------------------+-------+-------+-------+-------+-------+-------++-------
Melee: Dagger            |    63 |    54 |   232 |    10 |       |       ||   359
       Quarterstaff      |       |       |     3 |       |     2 |     4 ||     9
       Rapier            |       |       |    59 |   519 |   190 |       ||   768
       Dire flail        |       |       |       |    24 |    36 |       ||    60
       Scimitar          |       |       |       |     7 |       |       ||     7
       Lajatang          |       |       |       |       |  1268 |   490 ||  1758
       Arbalest          |       |       |       |       |     1 |       ||     1
 Fire: Hand crossbow     |    42 |   104 |   155 |   302 |       |       ||   603
       Blowgun           |       |     6 |     6 |       |       |       ||    12
       Arbalest          |       |       |       |    28 |   393 |   181 ||   602
Throw: Tomahawk          |       |     2 |     3 |    11 |     5 |       ||    21
 Cast: Animate Skeleton  |       |       |       |       |   158 |    51 ||   209
 Abil: Evoke Invisibilit |       |       |       |       |     2 |       ||     2
Evoke: Wand              |       |       |       |     1 |     4 |       ||     5
       Rod               |       |       |       |       |    13 |     1 ||    14
  Use: Scroll            |     3 |     9 |    12 |     4 |    13 |     2 ||    43
       Potion            |       |       |     1 |     3 |     4 |     4 ||    12
 Stab: Sleeping          |     1 |       |       |       |       |       ||     1
       Distracted        |       |       |       |       |     1 |       ||     1
       Invisible         |       |       |       |       |     4 |       ||     4
  Eat: Chunk             |       |     8 |     9 |    22 |    64 |    10 ||   113
       Royal jelly       |       |       |     1 |       |       |       ||     1
       Pizza             |       |       |     2 |     2 |       |     1 ||     5
       Beef jerky        |       |       |     1 |       |       |     2 ||     3
       Bread ration      |       |       |       |     1 |     3 |     3 ||     7
       Meat ration       |       |       |       |       |     1 |       ||     1

Table legend:
 A = Turns spent in this place as a percentage of turns spent in the entire game.
 B = Non-inter-level travel turns spent in this place as a percentage of non-inter-level travel turns spent in the entire game.
 C = Inter-level travel turns spent in this place as a percentage of turns spent in this place.
 D = Turns resting spent in this place as a percentage of non-inter-level travel turns spent in this place.
 E = Turns spent auto-exploring this place as a percentage of non-inter-level travel turns spent in this place.
 F = Non-inter-level travel turns spent in this place divided by the number of levels of this place that you've seen.
                   A       B       C       D       E      F
               +-------+-------+-------+-------+-------+----------------------
         Total | 100.0 | 100.0 |   0.6 |   1.5 |   2.9 | 569.5
       Dungeon |  37.6 |  37.6 |   0.7 |   0.7 |   4.7 | 471.1
        Temple |   0.2 |   0.2 |   2.1 |   0.0 |   0.0 |  46.0
          Lair |  35.6 |  35.6 |   0.6 |   1.6 |   1.8 | 837.2
     Snake Pit |  10.4 |  10.4 |   0.5 |   5.2 |   2.1 | 649.7
  Orcish Mines |  12.8 |  12.8 |   0.6 |   0.6 |   2.5 | 600.8
     Labyrinth |   2.2 |   2.2 |   0.0 |   1.2 |   0.0 | 416.0
       Ossuary |   1.1 |   1.1 |   0.0 |   1.9 |   0.5 | 216.0
               +-------+-------+-------+-------+-------+----------------------

Vault maps used:
D:1:      saegor_arrival_simple_c, minmay_tree_intersection, item_on_display_a
D:2:      wad_pebble_path, old_standard_altar, uniq_robin
D:3:      evilmike_ruin_ashenzari, minivault_26
D:4:      nemelex_xobeh_ov_fountains_minmay, kennysheep_mini, serial_shops,
          shop_statue, first_bread, dk_rats_in_the_wall
D:5:      old_standard_altar
D:6:      grunt_qazlal_clouds, nicolae_ossuary_entry_catacombs,
          minmay_crystal_room, okawaru_trees_2
D:7:      nicolae_gozag_seed_capital
D:8:      old_standard_altar, the_bakery
D:9:      uniq_erolcha
D:10:     grunt_lair_entry_elf_guard_hut, david_orc_4,
          nicolae_ru_sacrificial_ziggurat
D:11:     uniq_urug
D:12:     minmay_stepped, led_sif_book, uniq_kirke
D:13:     david_vaults_4, water_boxes_lemuel
D:14:     serial_co_window_serial, co_window_paths_b, co_window_paths_b,
          co_window_of_opportunity_a, co_window_paths_b, co_window_paths_a,
          co_window_corner_a, co_window_paths_b, co_window_of_opportunity_b,
          co_window_unsneaky_path_d, co_window_corner_b,
          co_window_unsneaky_path_d, co_window_unsneaky_path_d,
          co_window_paths_c, co_window_broadway_b, glass_columns_b,
          glass_columns_b, glass_columns_a, basic_altar
D:15:     grunt_enter_depths_giant_problem, basic_altar,
          fedhas_altar_fruit_tree, grunt_ministairs_1
Temple:   eino_temple_water_12
Lair:1:   guppyfry_lair_drakes
Lair:2:   minivault_24
Lair:3:   grunt_megastairs_1, uniq_rupert, uniq_snorg
Lair:4:   elwin_shoals_entry_stream, minmay_snake_entry_guardpost_large,
          lemuel_fruit_fields
Lair:5:   serial_bayou_lagoon_b, grunt_megastairs_3, infiniplex_staircase_pool
Lair:6:   lab_entry_generic, serial_bayou_pond_d, wad_woods_road_06, st_stairs_9
Lair:7:   minmay_slime_entry_oklob_open, roderic_carrion_pond,
          grunt_megastairs_2, bh_autumn_forest_stairs, serial_bayou_shore_b,
          uniq_maud, uniq_nessos
Lair:8:   wormcave, hangedman_lair_caniforms_friends
Snake:1:  grunt_megastairs_4
Snake:2:  serial_bayou_shore_b
Snake:3:  lemuel_oklob_altar, uniq_aizul, uniq_vashnia, uniq_azrael,
          uniq_jorgrun, uniq_roxanne
Orc:1:    nicolae_alphabet_shops
Orc:2:    basic_altar, nicolae_orc_crystal_geode
Orc:3:    basic_altar, nicolae_orc_pool_cavern
Orc:4:    kennysheep_orc_mage_school, basic_altar, kennysheep_orc_chapel,
          uniq_maurice, uniq_saint_roka, uniq_sonja, uniq_donald
Lab:      nicolae_lab_quarters, nicolae_lab_very_dead_end, nicolae_lab_plus,
          nicolae_lab_big_swirl, labyrinth_fake_exit, nicolae_lab_dead_end,
          labyrinth_baited_teleportation_trap, lab_hedge, nicolae_lab_hexagon
Ossuary:  ossuary_tomb_2
